 Dungeon Crawl Stone Soup version 0.29-a0-275-g389c0b56f3 (webtiles) character file.

Game seed: 8917830830829833437

31 Murumi the Skirmisher (level 3, -1/39 HPs)
             Began as an Ogre Gladiator on Mar 12, 2022.
             Slain by Natasha (5 damage)
             ... on level 2 of the Dungeon.
             The game lasted 00:05:47 (1584 turns).

Murumi the Skirmisher (Ogre Gladiator)              Turns: 1584, Time: 00:05:48

Health: -1/39      AC:  3    Str: 20    XL:     3   Next: 22%
Magic:  3/3        EV: 10    Int:  9    God:
Gold:   2          SH:  0    Dex: 10    Spells: 2/2 levels left

rFire   + . .      SeeInvis .   g - +0 whip
rCold   + . .      Faith    .   (no shield)
rNeg    . . .      Spirit   .   b - +0 robe
rPois   +          Reflect  .   c - +0 hat
rElec   +          Harm     .   (no cloak)
rCorr   +          Rampage  .   (gloves unavailable)
Will    .....                   (boots unavailable)
Stlth   +.........              (no amulet)
HPRegen 0.13/turn               (no ring)
MPRegen 0.08/turn               (no ring)

@: resistant, attractive, flying, slowed, very slow
A: large, unfitting armour, tough skin 1
a: no special abilities


You were on level 2 of the Dungeon.
You visited 1 branch of the dungeon, and saw 2 of its levels.

You collected 74 gold pieces.
You spent 72 gold pieces at shops.

Inventory:

Hand Weapons
 a - a +0 flail
 g - a +0 whip (weapon)
Missiles
 f - 63 stones (quivered)
Armour
 b - a +0 robe (worn)
 c - a +0 hat (worn)


   Skills:
 - Level 4.0 Fighting
 - Level 3.0 Maces & Flails
 - Level 2.0 Throwing
 + Level 0.2 Armour
 - Level 3.0 Dodging


You had 2 spell levels left.
You didn't know any spells.
Your spell library contained the following spells:

 Spells                   Type           Power      Damage    Failure   Level
 Animate Skeleton         Necr           0%         N/A       38%         1
 Apportation              Tloc           0%         N/A       38%         1
 Summon Small Mammal      Summ           0%         N/A       38%         1


Dungeon Overview and Level Annotations

Branches:
Dungeon (2/15)

Altars:

Shops:
D:1 *!

Annotations:
D:2 Natasha


Innate Abilities, Weirdness & Mutations

You are too large for most types of armour.
You have tough skin. (AC +1)


Message History

It was a potion of attraction.
You feel attractive to monsters.
Natasha extends her claws.
Natasha casts a spell at you. You resist with some effort.
Natasha barely misses you.
It was a potion of resistance.
You feel protected. Natasha claws you.
* * * LOW HITPOINT WARNING * * *
You aren't carrying any potions.
Unknown command.
Throw: 4 darts (poison)
Press: ? - help, Q - select action, (/) - cycle Shift-Dir - straight line, f - Natasha
Aim: Natasha (51% to hit)
You throw a poisoned dart.
The poisoned dart closely misses Natasha.
Natasha howls an incantation.
Natasha glows brightly for a moment.
Natasha barely misses you. Natasha claws you.
* * * LOW HITPOINT WARNING * * *
Throw: 3 darts (poison)
Press: ? - help, Q - select action, (/) - cycle Shift-Dir - straight line, f/p - Natasha
Aim: Natasha (51% to hit)
You throw a poisoned dart.
The poisoned dart closely misses Natasha.
Natasha closely misses you.
Throw: 2 darts (poison)
Press: ? - help, Q - select action, (/) - cycle Shift-Dir - straight line, f/p - Natasha
Aim: Natasha (51% to hit)
You throw a poisoned dart. The poisoned dart hits Natasha.
Natasha is poisoned.
Natasha wildly gestures.
Natasha glows brightly for a moment.
Natasha closely misses you.
Throw: dart (poison)
Press: ? - help, Q - select action, (/) - cycle Shift-Dir - straight line, f/p - Natasha
Aim: Natasha (lightly wounded, poisoned, 51% to hit)
You throw a poisoned dart.
The poisoned dart closely misses Natasha.
Natasha claws you.
You die...

#.. #.# #.# #.#
#.# #.# #.# ##
# #@#!.
###.###h#.#
.......<#.####.
###.##.(.∩.._..
#.(.......
#.(.......
#...∩.....
#..(......
....(.....


You could see Natasha (poisoned).

Vanquished Creatures
  A dart slug (D:1)
  7 bats (D:1)
  An endoplasm (D:1)
  2 giant cockroaches (D:1)
  5 hobgoblins
  2 kobolds (D:1)
  A ball python (D:2)
  2 frilled lizards (D:1)
  A goblin (D:1)
  4 rats
26 creatures vanquished.

Notes
Turn   | Place    | Note
-------+----------+-------------------------------------------
     0 | D:1      | Murumi the Ogre Gladiator began the quest for the Orb.
     0 | D:1      | Reached XP level 1. HP: 22/22 MP: 1/1
    50 | D:1      | Reached skill level 3 in Fighting
   319 | D:1      | Reached XP level 2. HP: 31/31 MP: 2/2
   721 | D:1      | Reached XP level 3. HP: 23/39 MP: 3/3
  1014 | D:1      | Reached skill level 4 in Fighting
  1157 | D:1      | Found Zalumn's Distillery.
  1241 | D:1      | Found Leravve's Assorted Antiques.
  1249 | D:1      | Bought a scroll labelled BYIGEP GOTEKA for 24 gold pieces
  1249 | D:1      | Bought a scroll labelled ECWIVOSSYIS for 24 gold pieces
  1320 | D:2      | Found a faded altar of an unknown god.
  1499 | D:1      | Bought a scroll labelled ICLUQAD DUOKK for 24 gold pieces
  1558 | D:2      | Noticed Natasha
  1584 | D:2      | Slain by Natasha

Illustrated notes

Levels and vault maps discovered:
D:1:      dpeg_arrival_windows_large_door, layout_loops_ring, serial_shops,
          shop, nicolae_shop_advertising_works [nicolae_subvault_shop_adworks],
          minmay_3d_cube
D:2:      layout_loops_ring, serial_shops, shop,
          hellmonk_ecumenical_altar_arch_garden, uniq_natasha

Skill      XL: |  1  2  3 |
---------------+----------+-----
Fighting       | 3 4 |  4.0
Maces & Flails | 3 |  3.0
Dodging        | 3 |  3.0
Throwing       | |  2.0
Armour         | |  0.2

Action                   || total
-------------------------++-------
Melee: Flail             ||    38
       Whip              ||    32
Throw: Stone             ||    39
       Dart              ||     4
       Throwing net      ||     3
       Large rock        ||     1
  Use: Scroll            ||     5
       Potion            ||     3
Armor: Robe              ||    31
Dodge: Dodged            ||    40

Table legend: (Time is in decaauts)
 A = Elapsed time spent in this place.
 B = Non-inter-level travel time spent in this place.
 C = Inter-level travel time spent in this place.
 D = Time resting spent in this place.
 E = Time spent auto-exploring this place.
 F = Levels seen in this place.
 G = Mean time per level.
                   A        B        C        D        E       F      G
               +--------+--------+--------+--------+--------+-----+--------+
         Total |   1603 |   1358 |    245 |      0 |   1136 |   2 |  801.5 |
       Dungeon |   1603 |   1358 |    245 |      0 |   1136 |   2 |  801.5 |
               +--------+--------+--------+--------+--------+-----+--------+

Top non-repeatable levels by time:
     D:1: 1534 daAuts
     D:2: 68 daAuts
